 Dungeon Crawl Stone Soup version 0.31-a0-1321-g5021b54cb2 (webtiles) character file.

Game seed: 4963163295797971894

1983 Curundu the Protected (level 9, -1/78 HPs)
             Began as a Minotaur Berserker on Dec 20, 2023.
             Was a High Priest of Trog.
             Slain by an orc warrior
             ... wielding a +0 dire flail
              (11 damage)
             ... on level 6 of the Dungeon.
             The game lasted 00:22:36 (5387 turns).

Curundu the Protected (Minotaur Berserker)          Turns: 5387, Time: 00:22:36

Health: -1/78      AC: 15    Str: 38    XL:     9   Next: 1%
Magic:  8/8        EV: 12    Int:  6    God:    Trog [*****.]
Gold:   427        SH:  0    Dex: 10    Spells: 8/8 levels left

rFire   . . .        r - +2 dagger (venom)
rCold   . . .        (no shield)
rNeg    + . .        t - +4 scale mail
rPois   .            y - +0 hat of Feasting {rN+ rCorr Int+2}
rElec   .            n - +0 cloak
rCorr   +            (no gloves)
SInv    .            s - +0 pair of boots
Will    .....        (no amulet) Stlth
                     c - +6 ring of strength
HPRegen 0.33/turn    A - +6 ring of strength
MPRegen 0.11/turn

%: no passive effects
@: no status effects
A: horns 2, retaliatory headbutt
a: Renounce Religion, Berserk, Trog's Hand, Brothers in Arms


You were on level 6 of the Dungeon.
You worshipped Trog.
Trog was extremely pleased with you.
You visited 1 branch of the dungeon, and saw 6 of its levels.

You collected 427 gold pieces.

Inventory:

Hand Weapons
 h - a +1 short sword of draining
 r - a +2 dagger of venom (weapon)
Missiles
 k - 3 javelins
 l - 24 poisoned darts
 v - 2 throwing nets
 w - 2 boomerangs
Armour
 n - a +0 cloak (worn)
 s - a +0 pair of boots (worn)
 t - a +4 scale mail (worn)
 y - the +0 hat of Feasting (worn) {rN+ rCorr Int+2}
   (You found it on level 4 of the Dungeon)

   Int+2:     It affects your intelligence (+2).
   rN+:       It protects you from negative energy.
   rCorr:     It protects you from acid and corrosion.
Jewellery
 c - a +6 ring of strength (left hand)
 e - a ring of willpower
 i - a +6 ring of intelligence
 j - a ring of ice
 x - an amulet of guardian spirit
 A - a +6 ring of strength (right hand)
Scrolls
 a - a scroll of revelation {unknown}
 b - a scroll of butterflies {unknown}
 d - 2 scrolls of identify {unknown}
 f - 3 scrolls of immolation {unknown}
 p - a scroll of silence {unknown}
 u - 2 scrolls of blinking {unknown}
Potions
 g - a potion of mutation {unknown}
 m - a potion of ambrosia {unknown}
 o - 3 potions of enlightenment {unknown}
 q - 2 potions of attraction {unknown}
 z - a potion of heal wounds {unknown}
 B - a potion of haste {unknown}
 C - a potion of invisibility {unknown}
 D - 2 potions of brilliance {unknown}
 E - 2 potions of curing {unknown}
 F - 2 potions of cancellation {unknown}
 G - 2 potions of might {unknown}


   Skills:
 + Level 6.6 Fighting
 + Level 6.4(7.0) Short Blades
 + Level 4.8(6.6) Long Blades
 + Level 8.9 Armour
 + Level 5.1 Dodging
 + Level 1.2 Stealth


You had 8 spell levels left.
You didn't know any spells.
Your spell library was empty.

Dungeon Overview and Level Annotations

Branches:
Dungeon (6/15)             Temple (0/1) D:4

Altars:
Cheibriados
Kikubaaqudgha
Nemelex Xobeh
Okawaru


Innate Abilities, Weirdness & Mutations

You have a pair of horns on your head.
You reflexively headbutt those who attack you in melee.


Message History

You closely miss something. You hit something. Your headbutt misses something.
The orc warrior closely misses you. Something hits you but does no damage.
You closely miss something. Your headbutt misses something.
The orc warrior hits you with a +0 dire flail!
Something hits you but does no damage.
You miss something. You hit something.
The orc warrior hits you with a +0 dire flail!
* * * LOW HITPOINT WARNING * * *
Something hits you.
* * * LOW HITPOINT WARNING * * *
You closely miss something.
The orc warrior hits you with a +0 dire flail.
* * * LOW HITPOINT WARNING * * *
Something hits you but does no damage.
You closely miss the orc warrior. You headbutt the orc warrior.
The orc warrior is lightly wounded.
You hit the orc warrior but do no damage.
The orc warrior is poisoned.
Your headbutt misses the orc warrior.
The orc warrior is lightly wounded.
The orc warrior hits you but does no damage.
Something hits you but does no damage.
You hit the orc warrior but do no damage.
The orc warrior is lightly wounded.
Trog accepts your kill.
Trog appreciates your killing of a magic user.
Reactivating autopickup.
You feel a bit more experienced. The orc warrior barely misses you.
You closely miss the orc warrior. You headbutt the orc warrior.
The orc warrior is moderately wounded.
You closely miss the orc warrior. Your headbutt misses the orc warrior.
The orc warrior is moderately wounded.
The orc warrior hits you with a +0 dire flail.
* * * LOW HITPOINT WARNING * * *
You hit the orc warrior but do no damage.
The orc warrior looks as sick as possible!
The orc warrior is moderately wounded.
The orc warrior hits you with a +0 dire flail!
You die...

############
##########..........#
####...........)@).....#
...#..........).o)..>..#
..............##########
###...........############
'.............##.........#
#.#...........##.........#
#.#.##+#########.........#
#.#.##.# #.........# #####
#.#.##.#########.........#
#....


You could see an orc warrior (extremely poisoned).

Vanquished Creatures
  Grinder (D:6)
  An orc warrior (D:4)
  2 sky beasts (D:6)
  An ogre (D:6)
  A centaur (D:5)
  A phantom (D:6)
  2 kobold brigands (D:5)
  A scorpion (D:5)
  2 howler monkeys
  A gnoll bouda (D:5)
  2 jellies (D:6)
  A hound (D:5)
  5 orc priests
  Terence (D:2)
  3 iguanas
  10 orc wizards
  13 gnolls
  12 adders
  2 ufetubi (D:5)
  A worm (D:2)
  3 dart slugs
  25 orcs
  4 ball pythons
  5 endoplasms
  6 giant cockroaches
  7 goblins
  11 hobgoblins
  8 jackals
  5 quokkas
  7 bats
  5 frilled lizards
  19 kobolds
  4 rats
172 creatures vanquished.

Vanquished Creatures (others)
  A human (D:3)
1 creature vanquished.

Grand Total: 173 creatures vanquished

Notes
Turn   | Place    | Note
-------+----------+-------------------------------------------
     0 | D:1      | Curundu the Minotaur Berserker began the quest for the Orb.
     0 | D:1      | Reached XP level 1. HP: 19/19 MP: 0/0
   247 | D:1      | Found a faded altar of an unknown god.
   252 | D:1      | Reached XP level 2. HP: 27/27 MP: 1/1
   835 | D:2      | Reached XP level 3. HP: 28/33 MP: 2/2
   855 | D:2      | Reached ** piety under Trog
   888 | D:2      | Reached skill level 3 in Armour
   902 | D:2      | Noticed Terence
   921 | D:2      | Killed Terence
   922 | D:2      | Reached XP level 4. HP: 40/41 MP: 3/3
  1635 | D:3      | Reached XP level 5. HP: 40/47 MP: 4/4
  1642 | D:3      | Reached skill level 1 in Short Blades
  1706 | D:3      | Found an ancient bone altar of Kikubaaqudgha.
  1709 | D:3      | Noticed a human
  1711 | D:3      | Killed a human
  1914 | D:3      | Reached skill level 5 in Fighting
  2261 | D:4      | Reached *** piety under Trog
  2277 | D:4      | Reached skill level 4 in Armour
  2432 | D:4      | Reached XP level 6. HP: 32/56 MP: 5/5
  2662 | D:4      | Noticed an orc warrior
  2685 | D:4      | Killed an orc warrior
  2697 | D:4      | Reached skill level 5 in Armour
  2809 | D:4      | Found a staircase to the Ecumenical Temple.
  2848 | D:4      | Found an iron altar of Okawaru.
  2876 | D:4      | Identified the +0 hat of Feasting {rN+ rCorr Int+2}
  3304 | D:5      | Entered Level 5 of the Dungeon
  3326 | D:5      | Reached XP level 7. HP: 62/62 MP: 6/6
  3579 | D:5      | Reached **** piety under Trog
  3598 | D:5      | Reached skill level 6 in Armour
  3837 | D:5      | Found a sparkling altar of Nemelex Xobeh.
  4302 | D:5      | Reached XP level 8. HP: 62/70 MP: 7/7
  4407 | D:5      | Reached skill level 5 in Short Blades
  4407 | D:5      | Reached skill level 7 in Armour
  4432 | D:5      | Reached skill level 1 in Stealth
  4795 | D:6      | Noticed Grinder
  4802 | D:6      | Paralysed by Grinder for 3 turns
  4820 | D:6      | Paralysed by Grinder for 4 turns
  4828 | D:6      | Killed Grinder
  4864 | D:6      | Reached skill level 8 in Armour
  5094 | D:6      | Reached skill level 5 in Dodging
  5283 | D:6      | Found a snail-covered altar of Cheibriados.
  5371 | D:6      | Reached ***** piety under Trog
  5372 | D:6      | Reached XP level 9. HP: 55/78 MP: 8/8
  5387 | D:6      | Slain by an orc warrior

Illustrated notes

Levels and vault maps discovered:
D:1:      arrival_zaba_pyramid, layout_loops_ring,
          ebering_ecumenical_altar_sacrificial, minmay_pentomino_p4
D:2:      layout_rooms, uniq_terence
D:3:      layout_loops_ring, tgw_kikubaaqudgha
D:4:      nicolae_cairo_tiling_large_dashed, layout_cave_pools,
          mainiacjoe_overflow_surrounded_room, minmay_temple_entry_mini_moons,
          serial_rivers, chequers_serial_rivers_small_b,
          chequers_serial_rivers_large_a, chequers_serial_rivers_micro_e,
          chequers_serial_rivers_micro_c, chequers_serial_rivers_micro_d,
          chequers_serial_rivers_micro_d
D:5:      cheibrodos_thug_alley, layout_rooms, nemelex_spade_bored_becter,
          guppyfry_early_lair_pool
D:6:      layout_basic, amcnicky_altar_gilded, uniq_grinder, uniq_prince_ribbit1

Skill      XL: |  1  2  3  4  5  6  7  8 |
---------------+-------------------------+-----
Long Blades    | 4 |  4.8
Fighting       | 4 5 6 |  6.6
Armour         | 3 4 5 6 8 |  8.9
Short Blades   | 2 3 4 6 |  6.4
Dodging        | 3 5 |  5.1
Stealth        | 1 |  1.2

Action                     |  1- 3 |  4- 6 |  7- 9 || total
---------------------------+-------+-------+-------++-------
  Melee: Falchion          |     7 |       |       ||     7
         Short sword       |    55 |    29 |       ||    84
         Headbutt          |     9 |    33 |    40 ||    82
         Punch             |     1 |     1 |     2 ||     4
         Dagger            |       |   164 |   241 ||   405
 Invoke: Trog's Hand       |     1 |       |       ||     1
 Armour: Chain mail        |    86 |    22 |       ||   108
         Scale mail        |       |   105 |   206 ||   311
  Dodge: Dodged            |    52 |    90 |   116 ||   258

Table legend: (Time is in decaauts)
 A = Elapsed time spent in this place.
 B = Non-inter-level travel time spent in this place.
 C = Inter-level travel time spent in this place.
 D = Time resting spent in this place.
 E = Time spent auto-exploring this place.
 F = Levels seen in this place.
 G = Mean time per level.
                   A        B        C        D        E       F      G
               +--------+--------+--------+--------+--------+-----+--------+
         Total |   5297 |   5297 |      0 |    163 |   3505 |   6 |  882.8 |
       Dungeon |   5297 |   5297 |      0 |    163 |   3505 |   6 |  882.8 |
               +--------+--------+--------+--------+--------+-----+--------+

Top non-repeatable levels by time:
     D:5: 1265 daAuts
     D:4: 1089 daAuts
     D:3: 819 daAuts
     D:1: 818 daAuts
     D:6: 752 daAuts
     D:2: 552 daAuts
